AoeStats
← SARG

Fortress

509438200Analyzed
3v3 RM · 6d ago on Sep 26, 2026· 47m 50s· 6 players
Game mode
Random Map
Map size
Large (8 player)
Population
200
Speed
Normal
Resources
Standard
Victory
Conquest
Starting age
Dark Age
Ending age
Imperial Age
RankedLock teamsTeams togetherTeam positionsShared explorationLock speedFull tech treeHidden civsTurbo modeCheats
Victory
Defeat
🇵🇹 Teutons · Portugal
1090
+16
🇩🇪 Saxons · Germany
1042
+18
🇩🇪 Danes · Germany
1023
+20
🇨🇴 Ethiopians · Colombia
1092
-18
🇨🇴 Malians · Colombia
1091
-18
🇨🇴 Khmer · Colombia
1088
-18
SG7
6:57 Feudal Age
6:33 Loom
8:21 Loom
10:54 Castle Age
8:41 Loom
9:18 Double-Bit Axe
9:29 Horse Collar
12:30 Wheelbarrow
13:41 Bow Saw
13:33 Heavy Plow
20:59 Hand Cart
22:14 Gold Mining
27:12 Imperial Age
25:45 Town Watch
25:56 Fletching
26:17 Forging
26:08 Scale Mail Armor
26:15 Scale Barding Armor
27:04 Bodkin Arrow
28:03 Iron Casting
27:24 Elite Shotel Warrior
28:25 Conscription
28:12 Husbandry
27:33 Light Cavalry
28:35 Chain Mail Armor
28:32 Royal Heirs
28:35 Town Patrol
30:43 Chain Barding Armor
31:16 Bracer
32:20 Blast Furnace
31:52 Hussar
37:38 Ballistics
38:20 Chemistry
38:32 Plate Mail Armor
41:42 Torsion Engines
44:15 Bracer
44:50 Careening
TEFI*
7:28 Feudal Age
10:57 Loom
13:47 Castle Age
11:31 Horse Collar
11:43 Stone Mining
11:41 Double-Bit Axe
13:08 Forging
22:13 Wheelbarrow
22:10 Heavy Plow
25:53 Murder Holes
30:57 Ballistics
32:05 Gold Mining
32:18 Scale Mail Armor
41:02 Hand Cart
41:05 Bloodlines
40:56 Husbandry
41:38 Scale Barding Armor
42:09 Iron Casting
45:21 Imperial Age
SARG
7:17 Feudal Age
11:21 Castle Age
10:26 Double-Bit Axe
10:42 Horse Collar
13:13 Stone Mining
14:03 Gold Mining
15:10 Loom
19:43 Scale Barding Armor
21:36 Wheelbarrow
21:37 Bow Saw
22:00 Heavy Plow
24:20 Hand Cart
27:34 Chain Barding Armor
27:26 Forging
27:07 Fletching
27:18 Padded Archer Armor
29:54 Imperial Age
29:34 Gold Shaft Mining
29:37 Stone Shaft Mining
30:37 Caravan
31:08 Bodkin Arrow
32:21 Hoardings
31:51 Murder Holes
32:10 Masonry
33:13 Chemistry
32:53 Conscription
34:00 Plate Barding Armor
34:02 Iron Casting
34:12 Double Crossbow
35:02 Tusk Swords
35:04 Elite Ballista Elephant
39:25 Blast Furnace
42:04 Leather Archer Armor
42:13 Ballistics
42:34 Architecture
Sir Gordon8100
2:12 Loom
7:51 Feudal Age
12:37 Castle Age
12:40 Double-Bit Axe
13:07 Horse Collar
15:48 Gold Mining
16:11 Bow Saw
20:19 Wheelbarrow
19:29 Town Watch
21:59 Hand Cart
23:16 Gambesons
23:32 Squires
23:17 Arson
23:39 Scale Mail Armor
23:50 Forging
25:05 Fortified Wall
27:52 Chain Mail Armor
28:13 Iron Casting
30:24 Fletching
30:36 Padded Archer Armor
31:14 Ballistics
30:27 Crossbowman
31:13 Thumb Ring
34:14 Imperial Age
33:17 Gold Shaft Mining
32:33 Stone Mining
33:12 Bodkin Arrow
33:33 Leather Archer Armor
34:20 Arbalester
35:05 Bracer
37:33 Conscription
38:50 Ring Archer Armor
41:04 Chemistry
40:10 Siege Engineers
42:52 Conscription
Prenos
1:03 Loom
1:09 Loom
7:12 Feudal Age
12:00 Castle Age
11:20 Double-Bit Axe
11:17 Horse Collar
13:12 Bow Saw
23:08 Gold Mining
26:32 Imperial Age
25:59 Wheelbarrow
26:40 Onager
28:28 Chemistry
27:34 Siege Engineers
29:11 Hand Cart
29:02 Siege Onager
33:17 Town Watch
33:07 Northmen's Fury
34:09 Conscription
34:16 Capped Ram
37:36 Scale Mail Armor
37:46 Forging
37:01 Siege Ram
41:53 Chain Mail Armor
42:14 Iron Casting
WaAzZaA
7:08 Feudal Age
6:08 Loom
7:57 Double-Bit Axe
7:53 Horse Collar
15:22 Castle Age
13:16 Gold Mining
13:16 Arson
14:20 Wheelbarrow
14:13 Forging
14:22 Scale Mail Armor
16:43 Iron Casting
16:44 Ironclad
19:45 Bow Saw
19:27 Loom
23:20 Chain Mail Armor
24:21 Hand Cart
24:26 Gambesons
24:41 Squires
29:46 Imperial Age
27:03 Town Watch
29:52 Heavy Plow
31:24 Plate Mail Armor
31:55 Blast Furnace
31:36 Scale Barding Armor
31:05 Elite Teutonic Knight
32:33 Conscription
33:13 Hoardings
33:05 Cavalier
33:56 Bloodlines
35:16 Paladin
40:55 Chain Barding Armor
43:02 Plate Barding Armor
Connection lost

Rejoining the realm…

Still unreachable

The connection could not be restored.

Session expired

The server has moved on; the page needs a fresh start.